 Dungeon Crawl Stone Soup version 0.29.0-4-gdea44cf6ec (webtiles) character file.

Game seed: 17473342367725593953

4300 qw the Grappler (level 10, -12/96 HPs)
             Began as a Troll Cinder Acolyte on Aug 31, 2022.
             Was a Priest of Ignis.
             Mangled by a two-headed ogre
             ... wielding a +0 giant club
              (30 damage)
             ... on level 9 of the Dungeon.
             The game lasted 00:03:34 (6409 turns).

qw the Grappler (Troll Cinder Acolyte)              Turns: 6409, Time: 00:03:34

Health: -12/96     AC: 13    Str: 28    XL:     10   Next: 11%
Magic:  10/10      EV:  9    Int: 10    God:    Ignis [***...]
Gold:   57         SH:  0    Dex:  5    Spells: 11/11 levels left

rFire   + . .      SeeInvis +     - Unarmed
rCold   . . .      Faith    .   (no shield)
rNeg    . . .      Spirit   .   f - +2 robe {Will+}
rPois   .          Reflect  .   (helmet restricted)
rElec   .          Harm     .   (no cloak)
rCorr   +          Rampage  .   (gloves unavailable)
Will    +....                   (boots unavailable)
Stlth   +.........              (no amulet)
HPRegen 1.06/turn               g - ring of see invisible
MPRegen 0.12/turn               k - ring of resist corrosion

@: about to teleport, fiery-armoured
A: large, unfitting armour, claws 3, regeneration 1, shaggy fur 1, tough skin 1
a: Renounce Religion, Fiery Armour, Foxfire Swarm, Rising Flame


You were on level 9 of the Dungeon.
You worshipped Ignis.
Ignis was most pleased with you.
You visited 1 branch of the dungeon, and saw 9 of its levels.

You collected 363 gold pieces.
You spent 306 gold pieces at shops.


Innate Abilities, Weirdness & Mutations

You are too large for most types of armour.
You have claws for hands.
Your natural rate of healing is unusually fast.
You are covered in fur. (AC +1)
You have tough skin. (AC +1)


   Skills:
 - Level 5.0 Fighting
 - Level 4.2 Throwing
 - Level 2.2 Dodging
 + Level 12.7 Unarmed Combat
 - Level 1.0 Spellcasting
 - Level 2.1 Fire Magic


You had 11 spell levels left.
You didn't know any spells.
Your spell library contained the following spells:

 Spells                   Type           Power      Damage    Failure   Level
 Scorch                   Fire           8%         2d5       22%         2

Inventory:

Armour
 f - a +2 robe of willpower (worn)
Jewellery
 g - a ring of see invisible (left claw)
 k - a ring of resist corrosion (right claw)
Wands
 l - a wand of digging (5)
Scrolls
 c - 4 scrolls of enchant weapon
 e - 5 scrolls of identify
Potions
 a - a potion of haste
 b - a potion of resistance
 d - a potion of magic {unknown}
 i - 3 potions of mutation

Dungeon Overview and Level Annotations

Branches:
Dungeon (8/15)             Temple (0/1) D:7
   Lair: D:8-11

Altars:
Dithmenos
Hepliaklqana
Kikubaaqudgha
Nemelex Xobeh
Sif Muna
Vehumet
Wu Jian
Xom
Yredelemnul

Shops:
D:5 (   D:7 (([*(

Annotations:
D:4 1 runed translucent door
D:5 1 runed translucent door, qw's ghost, novice TrCA


Message History

You closely miss the yak.
The yak is lightly wounded.
You claw the yak!
The yak is heavily wounded.
The yak gores you!
You scratch the yak. Your claw misses the yak.
The yak is heavily wounded.
The yak completely misses you.
You mangle the yak!!
You kill the yak!
You scratch the yak.
The yak is lightly wounded.
The yak barely misses you.
You mangle the yak!!
The yak is heavily wounded.
The yak gores you!
You barely miss the yak.
The yak is heavily wounded.
The yak misses you.
You claw the yak! x2
You kill the yak!
You mangle the two-headed ogre!!
The two-headed ogre is heavily wounded.
You barely miss the two-headed ogre.
The two-headed ogre is heavily wounded.
The two-headed ogre hits you with a +0 giant club!
The two-headed ogre hits you with a +0 giant spiked club!!
6407 ||| INVOKING Fiery Armour.
A protective cloak of flame settles atop you.
The two-headed ogre barely misses you.
The two-headed ogre hits you with a +0 giant spiked club!!
The two-headed ogre is burned by your cloak of flames.
The two-headed ogre is heavily wounded.
6408 ||| READING scroll of teleportation.
As you read the scroll of teleportation, it crumbles to dust.
You feel strangely unstable.
You claw the two-headed ogre!
The two-headed ogre is severely wounded.
The two-headed ogre hits you with a +0 giant club!!
You die...

..............##
.
...?..........#..
##...............
.................
..##............
#......##....
##Y.#...# #.
#O####..# #@##
...# #..## #....
#...# .....
#....# .....
#....# #......
#.....#.
#...#.### #...###


You could see a two-headed ogre and a yak.

Vanquished Creatures
  Pikel (D:5)
  Grinder (D:3)
  Sigmund (D:5)
  3 yaks (D:9)
  Eustachio (D:5)
  An acid dragon (D:8)
  2 water moccasins
  Duvessa (D:7)
  3 ice beasts
  An orc warrior (D:6)
  2 sky beasts (D:7)
  2 black bears
  An ogre (D:5)
  A lemure (D:5)
  2 centaurs
  Blork the orc (D:6)
  A bullfrog (D:8)
  2 necrophages (D:7)
  2 scorpions
  4 wights (D:7)
  Dowan (D:7)
  5 killer bees (D:8)
  3 howler monkeys (D:7)
  A jelly (D:6)
  An orc priest (D:3)
  2 iguanas
  A human skeleton (D:4)
  A human zombie (D:4)
  7 orc wizards
  9 gnolls
  3 adders
  A shadow imp (D:7)
  4 white imps
  4 ufetubi
  4 worms
  A dart slug (D:5)
  23 orcs
  3 bats
  2 endoplasms
  2 giant cockroaches
  7 goblins
  6 hobgoblins
  5 ball pythons
  6 kobolds
  5 rats
140 creatures vanquished.

Notes
Turn   | Place    | Note
-------+----------+-------------------------------------------
     0 | D:1      | qw the Troll Cinder Acolyte began the quest for the Orb.
     0 | D:1      | Reached XP level 1. HP: 22/22 MP: 1/1
     0 | D:1      | 0 ||| qw: Version: 0.1-a-97-g2dd2ca4
     0 | D:1      | 0 ||| qw: Game counter: 4564
     0 | D:1      | 0 ||| qw: Always use a shield: true
     0 | D:1      | 0 ||| qw: God list: Okawaru
     0 | D:1      | 0 ||| qw: Allow faded altars: false
     0 | D:1      | 0 ||| qw: Do Orc after D:15 true
     0 | D:1      | 0 ||| qw: Do second Lair branch before Depths: true
     0 | D:1      | 0 ||| qw: Lair rune preference: random
     0 | D:1      | 0 ||| qw: Plans: Normal
     0 | D:1      | 0 ||| PLANNING D:1-11
   210 | D:1      | 210 ||| Stepping ~*~*~tactically~*~*~ (stealth).
   214 | D:1      | 214 ||| Stepping ~*~*~tactically~*~*~ (stealth).
   277 | D:1      | 277 ||| Stepping ~*~*~tactically~*~*~ (stealth).
   279 | D:1      | 279 ||| Stepping ~*~*~tactically~*~*~ (stealth).
   310 | D:1      | Reached XP level 2. HP: 29/29 MP: 2/2
   662 | D:1      | 662 ||| READING scroll labelled JUUPNOT AMEMISO.
   663 | D:1      | 663 ||| READING scroll labelled UKIANU ELEF.
   664 | D:1      | 664 ||| READING scroll labelled PYBORI GYMN.
   665 | D:1      | 665 ||| DRINKING 2 sapphire potions.
   684 | D:1      | 684 ||| DROPPING potion of lignification.
   720 | D:2      | 720 ||| Stepping ~*~*~tactically~*~*~ (stealth).
   723 | D:2      | 723 ||| Stepping ~*~*~tactically~*~*~ (stealth).
   735 | D:2      | 735 ||| Stepping ~*~*~tactically~*~*~ (outnumbered).
   736 | D:2      | 736 ||| Stepping ~*~*~tactically~*~*~ (outnumbered).
   741 | D:2      | Reached skill level 4 in Unarmed Combat
   748 | D:2      | 748 ||| Stepping ~*~*~tactically~*~*~ (stealth).
   786 | D:2      | Reached XP level 3. HP: 25/36 MP: 3/3
   892 | D:2      | Found a faded altar of an unknown god.
  1535 | D:2      | 1535 ||| READING scroll labelled ZUNGAL TYMM.
  1536 | D:2      | 1536 ||| READING scroll labelled TIMMOG ZYOPN.
  1537 | D:2      | 1537 ||| READING scroll labelled DUOHEGHYTE.
  1538 | D:2      | 1538 ||| READING scroll labelled ETEL XUITIUSCH.
  1539 | D:2      | 1539 ||| READING scroll labelled CUEKHA BEUGOCH.
  1640 | D:2      | 1640 ||| READING scroll labelled QIUMMOOGRA.
  1641 | D:2      | 1641 ||| DRINKING 2 fuming puce potions.
  1642 | D:2      | 1642 ||| READING 2 scrolls of identify.
  1642 | D:2      | 1642 ||| IDENTIFYING emerald potion
  1643 | D:2      | 1643 ||| DROPPING potion of attraction.
  1676 | D:3      | Identified the +11 dagger of a Labyrinth {speed, Str+4
                  | Int+2}
  1771 | D:3      | 1771 ||| Stepping ~*~*~tactically~*~*~ (stealth).
  1772 | D:3      | 1772 ||| Stepping ~*~*~tactically~*~*~ (stealth).
  1774 | D:3      | 1774 ||| Stepping ~*~*~tactically~*~*~ (stealth).
  1776 | D:3      | 1776 ||| Stepping ~*~*~tactically~*~*~ (hiding).
  1783 | D:3      | 1783 ||| INVOKING Fiery Armour.
  1791 | D:3      | Reached skill level 5 in Unarmed Combat
  1791 | D:3      | Reached XP level 4. HP: 38/44 MP: 4/4
  1906 | D:3      | Found an ornate altar of the Wu Jian Council.
  1922 | D:3      | Noticed Grinder
  1928 | D:3      | 1928 ||| Stepping ~*~*~tactically~*~*~ (hiding).
  1933 | D:3      | Paralysed by Grinder for 2 turns
  1941 | D:3      | Paralysed by Grinder for 3 turns
  1945 | D:3      | 1945 ||| Stepping ~*~*~tactically~*~*~ (hiding).
  1950 | D:3      | Killed Grinder
  1951 | D:3      | Reached skill level 7 in Unarmed Combat
  1951 | D:3      | Reached XP level 5. HP: 39/50 MP: 5/5
  1951 | D:3      | Reached XP level 6. HP: 46/59 MP: 6/6
  1999 | D:3      | 1999 ||| Stepping ~*~*~tactically~*~*~ (hiding).
  2000 | D:3      | 2000 ||| Stepping ~*~*~tactically~*~*~ (hiding).
  2287 | D:3      | Found a hazy altar of Hepliaklqana.
  2307 | D:3      | Found an ancient bone altar of Kikubaaqudgha.
  2390 | D:3      | Found a shimmering blue altar of Sif Muna.
  2392 | D:3      | Found a radiant altar of Vehumet.
  2684 | D:3      | 2684 ||| DRINKING 2 amethyst potions.
  2685 | D:3      | 2685 ||| READING 2 scrolls of identify.
  2685 | D:3      | 2685 ||| IDENTIFYING golden potion
  2785 | D:4      | Found a runed translucent door.
  2785 | D:4      | Noticed a human
  2820 | D:4      | Found a basalt altar of Yredelemnul.
  2946 | D:4      | 2946 ||| Stepping ~*~*~tactically~*~*~ (stealth).
  3003 | D:4      | 3003 ||| Stepping ~*~*~tactically~*~*~ (stealth).
  3004 | D:4      | 3004 ||| Stepping ~*~*~tactically~*~*~ (stealth).
  3012 | D:4      | 3012 ||| Stepping ~*~*~tactically~*~*~ (outnumbered).
  3013 | D:4      | 3013 ||| Stepping ~*~*~tactically~*~*~ (outnumbered).
  3018 | D:4      | Reached skill level 8 in Unarmed Combat
  3018 | D:4      | Reached XP level 7. HP: 64/66 MP: 7/7
  3312 | D:4      | 3312 ||| UPGRADING to ring of see invisible.
  3313 | D:4      | 3313 ||| READING 2 scrolls labelled KUKLASH MACH.
  3318 | D:4      | 3318 ||| READING scroll labelled ISACKA UXKA.
  3319 | D:4      | 3319 ||| READING 2 scrolls of identify.
  3319 | D:4      | 3319 ||| IDENTIFYING inky potion
  3320 | D:4      | 3320 ||| DROPPING potion of invisibility.
  3332 | D:5      | Entered Level 5 of the Dungeon
  3341 | D:5      | 3341 ||| Stepping ~*~*~tactically~*~*~ (outnumbered).
  3342 | D:5      | 3342 ||| STAIRDANCE
  3351 | D:5      | 3351 ||| STAIRDANCE
  3377 | D:5      | 3377 ||| INVOKING Fiery Armour.
  3380 | D:5      | 3380 ||| Stepping ~*~*~tactically~*~*~ (outnumbered).
  3381 | D:5      | 3381 ||| Stepping ~*~*~tactically~*~*~ (outnumbered).
  3382 | D:5      | 3382 ||| Stepping ~*~*~tactically~*~*~ (outnumbered).
  3383 | D:5      | 3383 ||| Stepping ~*~*~tactically~*~*~ (outnumbered).
  3385 | D:5      | 3385 ||| Stepping ~*~*~tactically~*~*~ (outnumbered).
  3386 | D:5      | 3386 ||| Stepping ~*~*~tactically~*~*~ (outnumbered).
  3388 | D:5      | 3388 ||| Stepping ~*~*~tactically~*~*~ (outnumbered).
  3391 | D:5      | 3391 ||| Stepping ~*~*~tactically~*~*~ (outnumbered).
  3394 | D:5      | Reached skill level 3 in Fighting
  3394 | D:5      | 3394 ||| Stepping ~*~*~tactically~*~*~ (outnumbered).
  3396 | D:5      | 3396 ||| Stepping ~*~*~tactically~*~*~ (outnumbered).
  3397 | D:5      | 3397 ||| Stepping ~*~*~tactically~*~*~ (outnumbered).
  3460 | D:5      | Found a sparkling altar of Nemelex Xobeh.
  3537 | D:5      | 3537 ||| Stepping ~*~*~tactically~*~*~ (hiding).
  3542 | D:5      | 3542 ||| DRINKING potion of curing.
  3542 | D:5      | 3542 ||| (to cure confusion)
  3550 | D:5      | Reached skill level 9 in Unarmed Combat
  3550 | D:5      | 3550 ||| FLEEEEING.
  3551 | D:5      | 3551 ||| FLEEEEING.
  3552 | D:5      | 3552 ||| FLEEEEING.
  3553 | D:5      | 3553 ||| FLEEEEING.
  3640 | D:5      | Noticed Pikel
  3641 | D:5      | 3641 ||| Stepping ~*~*~tactically~*~*~ (stealth).
  3643 | D:5      | 3643 ||| Stepping ~*~*~tactically~*~*~ (stealth).
  3654 | D:5      | 3654 ||| Stepping ~*~*~tactically~*~*~ (stealth).
  3656 | D:5      | 3656 ||| Stepping ~*~*~tactically~*~*~ (stealth).
  3658 | D:5      | 3658 ||| Stepping ~*~*~tactically~*~*~ (stealth).
  3662 | D:5      | Killed Pikel
  3663 | D:5      | Reached XP level 8. HP: 43/75 MP: 8/8
  3751 | D:5      | Noticed Sigmund
  3751 | D:5      | Noticed Eustachio
  3752 | D:5      | 3752 ||| FLEEEEING.
  3758 | D:5      | Found Enidd's Weapon Shoppe.
  3784 | D:5      | Killed Sigmund
  3810 | D:5      | 3810 ||| Stepping ~*~*~tactically~*~*~ (stealth).
  3825 | D:5      | 3825 ||| Stepping ~*~*~tactically~*~*~ (outnumbered).
  3828 | D:5      | 3828 ||| INVOKING Fiery Armour.
  3830 | D:5      | 3830 ||| Stepping ~*~*~tactically~*~*~ (outnumbered).
  3831 | D:5      | 3831 ||| Stepping ~*~*~tactically~*~*~ (outnumbered).
  3833 | D:5      | Killed Eustachio
  3863 | D:5      | Noticed qw's ghost (novice TrCA)
  3864 | D:5      | Found a runed translucent door.
  4104 | D:5      | 4104 ||| UPGRADING to +2 robe of willpower.
  4114 | D:5      | 4114 ||| DROPPING +0 robe.
  4115 | D:5      | 4115 ||| UPGRADING to ring of resist corrosion.
  4253 | D:6      | 4253 ||| Stepping ~*~*~tactically~*~*~ (outnumbered).
  4254 | D:6      | 4254 ||| Stepping ~*~*~tactically~*~*~ (outnumbered).
  4256 | D:6      | 4256 ||| Stepping ~*~*~tactically~*~*~ (outnumbered).
  4288 | D:6      | Reached skill level 10 in Unarmed Combat
  4308 | D:6      | Noticed Blork the orc
  4317 | D:6      | Killed Blork the orc
  4318 | D:6      | 4318 ||| FLEEEEING.
  4319 | D:6      | 4319 ||| FLEEEEING.
  4320 | D:6      | 4320 ||| FLEEEEING.
  4321 | D:6      | 4321 ||| FLEEEEING.
  4322 | D:6      | 4322 ||| FLEEEEING.
  4323 | D:6      | 4323 ||| FLEEEEING.
  4324 | D:6      | 4324 ||| FLEEEEING.
  4325 | D:6      | 4325 ||| FLEEEEING.
  4326 | D:6      | 4326 ||| FLEEEEING.
  4327 | D:6      | 4327 ||| FLEEEEING.
  4329 | D:6      | 4329 ||| FLEEEEING.
  4330 | D:6      | 4330 ||| FLEEEEING.
  4438 | D:6      | Found a shimmering altar of Xom.
  4518 | D:6      | 4518 ||| INVOKING Fiery Armour.
  4519 | D:6      | Reached XP level 9. HP: 42/84 MP: 9/9
  4550 | D:6      | 4550 ||| FLEEEEING.
  4551 | D:6      | 4551 ||| FLEEEEING.
  4708 | D:6      | 4708 ||| READING scroll labelled DAUKLIU TICUK.
  4742 | D:7      | Found a shadowy altar of Dithmenos.
  4761 | D:7      | 4761 ||| Stepping ~*~*~tactically~*~*~ (hiding).
  4762 | D:7      | 4762 ||| Stepping ~*~*~tactically~*~*~ (hiding).
  4770 | D:7      | 4770 ||| Stepping ~*~*~tactically~*~*~ (outnumbered).
  4775 | D:7      | 4775 ||| Stepping ~*~*~tactically~*~*~ (outnumbered).
  4777 | D:7      | 4777 ||| INVOKING Fiery Armour.
  4779 | D:7      | 4779 ||| Stepping ~*~*~tactically~*~*~ (outnumbered).
  4782 | D:7      | 4782 ||| Stepping ~*~*~tactically~*~*~ (outnumbered).
  4784 | D:7      | 4784 ||| Stepping ~*~*~tactically~*~*~ (outnumbered).
  4785 | D:7      | 4785 ||| Stepping ~*~*~tactically~*~*~ (outnumbered).
  4788 | D:7      | 4788 ||| Stepping ~*~*~tactically~*~*~ (outnumbered).
  4915 | D:7      | Noticed Duvessa
  4917 | D:7      | Noticed Dowan
  4918 | D:7      | 4918 ||| INVOKING Fiery Armour.
  4924 | D:7      | Killed Dowan
  4937 | D:7      | Killed Duvessa
  4942 | D:7      | Reached skill level 11 in Unarmed Combat
  5006 | D:7      | Found a staircase to the Ecumenical Temple.
  5051 | D:7      | Found Dyujaux's General Store.
  5057 | D:7      | 5057 ||| BUYING 2 scrolls of teleportation (72 gold).
  5057 | D:7      | Bought 2 scrolls of teleportation for 72 gold pieces
  5057 | D:7      | 5057 ||| BUYING potion of haste (120 gold).
  5057 | D:7      | Bought a potion of haste for 120 gold pieces
  5057 | D:7      | 5057 ||| BUYING scroll of enchant weapon (90 gold).
  5057 | D:7      | Bought a scroll of enchant weapon for 90 gold pieces
  5057 | D:7      | 5057 ||| BUYING scroll of identify (24 gold).
  5057 | D:7      | Bought a scroll of identify for 24 gold pieces
  5094 | D:7      | Found Vaetuk's Antique Armour Emporium.
  5111 | D:7      | Found Juafeum's Weapon Shop.
  5159 | D:7      | 5159 ||| Stepping ~*~*~tactically~*~*~ (hiding).
  5336 | D:7      | 5336 ||| Stepping ~*~*~tactically~*~*~ (hiding).
  5337 | D:7      | 5337 ||| Stepping ~*~*~tactically~*~*~ (hiding).
  5344 | D:7      | 5344 ||| Stepping ~*~*~tactically~*~*~ (stealth).
  5476 | D:7      | Found Kaotsijo's Antique Weapon Shop.
  5635 | D:7      | 5635 ||| FLEEEEING.
  5636 | D:7      | 5636 ||| FLEEEEING.
  5637 | D:7      | 5637 ||| FLEEEEING.
  5638 | D:7      | 5638 ||| FLEEEEING.
  5639 | D:7      | 5639 ||| FLEEEEING.
  5640 | D:7      | 5640 ||| FLEEEEING.
  5641 | D:7      | 5641 ||| FLEEEEING.
  5642 | D:7      | 5642 ||| FLEEEEING.
  5643 | D:7      | 5643 ||| FLEEEEING.
  5644 | D:7      | 5644 ||| FLEEEEING.
  5645 | D:7      | 5645 ||| FLEEEEING.
  5646 | D:7      | 5646 ||| FLEEEEING.
  5647 | D:7      | 5647 ||| FLEEEEING.
  5724 | D:7      | Found Mur Liot's Weapon Shoppe.
  5731 | D:7      | Reached skill level 12 in Unarmed Combat
  5793 | D:7      | 5793 ||| READING 4 scrolls of teleportation.
  5794 | D:7      | 5794 ||| STAIRDANCE
  5816 | D:7      | 5816 ||| READING 3 scrolls of teleportation.
  5817 | D:7      | 5817 ||| STAIRDANCE
  5871 | D:8      | 5871 ||| Stepping ~*~*~tactically~*~*~ (hiding).
  5951 | D:8      | 5951 ||| INVOKING Fiery Armour.
  5956 | D:8      | 5956 ||| Stepping ~*~*~tactically~*~*~ (outnumbered).
  5957 | D:8      | 5957 ||| Stepping ~*~*~tactically~*~*~ (outnumbered).
  5958 | D:8      | 5958 ||| Stepping ~*~*~tactically~*~*~ (hiding).
  5960 | D:8      | 5960 ||| Stepping ~*~*~tactically~*~*~ (outnumbered).
  5965 | D:8      | 5965 ||| Stepping ~*~*~tactically~*~*~ (outnumbered).
  5966 | D:8      | 5966 ||| Stepping ~*~*~tactically~*~*~ (outnumbered).
  5969 | D:8      | HP: 18/87 [gnoll sergeant/+0 trident (6)]
  5970 | D:8      | 5970 ||| READING 2 scrolls of teleportation.
  5970 | D:8      | HP: 4/88 [gnoll sergeant/+0 trident (6)]
  5971 | D:8      | 5971 ||| DRINKING potion of heal wounds.
  5975 | D:8      | HP: 13/88 [poisoned by a killer bee]
  6126 | D:8      | 6126 ||| Stepping ~*~*~tactically~*~*~ (hiding).
  6172 | D:8      | Reached XP level 10. HP: 57/96 MP: 10/10
  6369 | D:8      | You fall into a shaft and drop 1 floor!
  6378 | D:9      | 6378 ||| Stepping ~*~*~tactically~*~*~ (stealth).
  6381 | D:9      | Noticed a two-headed ogre
  6384 | D:9      | 6384 ||| Stepping ~*~*~tactically~*~*~ (outnumbered).
  6385 | D:9      | 6385 ||| Stepping ~*~*~tactically~*~*~ (outnumbered).
  6386 | D:9      | 6386 ||| Stepping ~*~*~tactically~*~*~ (outnumbered).
  6387 | D:9      | 6387 ||| Stepping ~*~*~tactically~*~*~ (outnumbered).
  6388 | D:9      | 6388 ||| Stepping ~*~*~tactically~*~*~ (outnumbered).
  6407 | D:9      | 6407 ||| INVOKING Fiery Armour.
  6407 | D:9      | HP: 16/96 [two-headed ogre/+0 giant club (20)]
  6408 | D:9      | 6408 ||| READING scroll of teleportation.
  6409 | D:9      | Mangled by a two-headed ogre

Levels and vault maps discovered:
D:1:      minmay_arrival_hallway, layout_loops_ring, st_stairs_7,
          nrook_mini_backslash, minmay_misc_feat_iff
D:2:      minmay_evil_eye, layout_basic, hellmonk_ecumenical_altar_blasted
D:3:      layout_loops_corners, grunt_temple_overflow_magic_moments,
          mainiacjoe_overflow_tiny_flanked, nicolae_hepliaklqana_hippocampus,
          lemuel_old_faithful, uniq_grinder
D:4:      layout_rooms, dk_yredelemnul_ordeal, serial_bayou_pond_d,
          minmay_misc_feat_alley, minmay_crystal_room
D:5:      layout_loops_ring, mainiacjoe_overflow_chevrons, serial_shops,
          nicolae_shop_bloodbath_and_beyond, hellmonk_ghost_happy_afterlife,
          uniq_eustachio, uniq_pikel, uniq_sigmund
D:6:      layout_cave_pools, xom_butterflies, corexii_checkpoint_a,
          uniq_blork_the_orc
D:7:      layout_loops_ring, nicolae_overflow_hidden_temple,
          minmay_temple_entry_waves, serial_shops, shop, nicolae_shop_trees,
          shop, shop, nicolae_shop_hallway_stairs, uniq_duvessa
D:8:      layout_layer_cave, mainiacjoe_overflow_boulevard
D:9:      layout_cave_pools, mainiacjoe_overflow_catch_the_wave, uniq_joseph

Skill      XL: |  1  2  3  4  5  6  7  8  9 |
---------------+----------------------------+-----
Unarmed Combat | 4 5 7 8 9 10 12 | 12.7
Fighting       | 3 4 5 |  5.0
Throwing       | 4 |  4.2
Dodging        | 2 |  2.2
Spellcasting   | |  1.0
Fire Magic     | |  2.1

Action                   |  1- 3 |  4- 6 |  7- 9 | 10-12 || total
-------------------------+-------+-------+-------+-------++-------
Melee: Unarmed           |    85 |    59 |   269 |    24 ||   437
       Punch             |     2 |     1 |     4 |     1 ||     8
Throw: Boomerang         |       |       |    15 |       ||    15
Invok: Fiery Armour      |     1 |       |     6 |     1 ||     8
  Use: Scroll            |    10 |     1 |     7 |     1 ||    19
       Potion            |     2 |     1 |     2 |       ||     5
Armor: Robe              |    22 |    18 |    96 |     2 ||   138
Dodge: Dodged            |    36 |    14 |   125 |     7 ||   182

Table legend:
 A = Non-vault XP
 B = Vault XP
 C = Vault XP percentage of total XP
 D = Non-vault monster count
 E = Vault monster count
 F = Vault count percentage of total count
                 A         B        C        D         E       F
            +---------+---------+-------+---------+---------+-------
      Total |    4422 |    1721 |  28.0 |     118 |      21 |  15.1
            +---------+---------+-------+---------+---------+-------
        D:1 |      13 |       3 |  18.8 |       8 |       2 |  20.0
        D:2 |      28 |      33 |  54.1 |      10 |       9 |  47.4
        D:3 |      89 |     277 |  75.7 |       9 |       1 |  10.0
        D:4 |     282 |      74 |  20.8 |      14 |       2 |  12.5
        D:5 |     423 |    1018 |  70.6 |      15 |       3 |  16.7
        D:6 |     569 |     102 |  15.2 |      14 |       2 |  12.5
        D:7 |    1434 |     214 |  13.0 |      31 |       2 |   6.1
        D:8 |     973 |       0 |   0.0 |      14 |       0 |   0.0
        D:9 |     611 |       0 |   0.0 |       3 |       0 |   0.0
            +---------+---------+-------+---------+---------+-------
